 Dungeon Crawl Stone Soup version 0.22-a0-417-g1387785 (webtiles) character file.

148 galech the Skirmisher (level 5, -2/47 HPs)
             Began as a Gnoll Wanderer on May 14, 2018.
             Slain by an adder (4 damage)
             ... on level 3 of the Dungeon.
             The game lasted 00:03:35 (1899 turns).

galech the Skirmisher (Gnoll Wanderer)              Turns: 1899, Time: 00:03:35

Health: -2/47      AC:  6    Str: 15    XL:     5   Next: 30%
Magic:  8/8        EV: 12    Int: 14    God:
Gold:   128        SH:  0    Dex: 15    Spells: 6/6 levels left

rFire    . . .     SeeInvis +   a - +2 dagger
rCold    . . .     Gourm    .   (no shield)
rNeg     . . .     Faith    .   e - +0 ring mail
rPois    .         Spirit   .   (no helmet)
rElec    .         Reflect  .   j - +0 cloak
rCorr    .         Harm     .   (no gloves)
MR       .....                  (no boots)
Stlth    +.........             (no amulet)
HPRegen  0.15/turn              l - ring of see invisible
MPRegen  0.11/turn              (no ring)

@: very slow
A: distributed training, fangs 1, strong nose
a: no special abilities


You were on level 3 of the Dungeon.
You were hungry.

You visited 1 branch of the dungeon, and saw 3 of its levels.

You collected 128 gold pieces.

Inventory:

Hand Weapons
 a - a +2 dagger (weapon)
Armour
 e - a +0 ring mail (worn)
 j - a +0 cloak (worn)
Jewellery
 l - a ring of see invisible (left hand)
 p - a cursed ring of teleportation {unknown}
Scrolls
 b - a scroll of fear
 d - a scroll of noise {unknown}
 i - a scroll of blinking {unknown}
 q - a scroll of remove curse {unknown}
Potions
 g - a potion of degeneration {unknown}
 h - 2 potions of might {unknown}
 k - a potion of berserk rage {unknown}
 m - a potion of magic {unknown}
 o - a potion of mutation {unknown}
Comestibles
 f - 5 rations
 n - 6 chunks of flesh


   Skills:
 + Level 6.6 Fighting
 + Level 1.4 Short Blades
 + Level 1.4 Long Blades
 + Level 1.4 Axes
 + Level 1.4 Maces & Flails
 + Level 2.9 Polearms
 + Level 1.4 Staves
 + Level 1.4 Slings
 + Level 1.4 Bows
 + Level 1.4 Crossbows
 + Level 1.4 Throwing
 + Level 1.4 Armour
 + Level 2.9 Dodging
 + Level 2.7 Stealth
 + Level 1.4 Shields
 + Level 4.7 Unarmed Combat
 + Level 1.4 Spellcasting
 + Level 1.1 Conjurations
 + Level 1.1 Hexes
 + Level 1.1 Charms
 + Level 1.1 Summonings
 + Level 1.1 Necromancy
 + Level 1.1 Translocations
 + Level 1.1 Transmutations
 + Level 1.1 Fire Magic
 + Level 1.1 Ice Magic
 + Level 1.1 Air Magic
 + Level 1.1 Earth Magic
 + Level 1.1 Poison Magic
 + Level 1.5 Invocations
 + Level 4.7 Evocations


You had 6 spell levels left.
You didn't know any spells.
Your spell library was empty.

Dungeon Overview and Level Annotations

Branches:
Dungeon (3/15)

Altars:

Portals:
Sewer: D:3


Innate Abilities, Weirdness & Mutations

Your experience applies equally to all skills.
You have very sharp teeth.
Your uncanny sense of smell can sniff out nearby items.


Message History

The rat closely misses you.
Your unstable footing causes you to fumble your attack.
The rat barely misses you. The worm bites you but does no damage.
Okay, then.
You hit the worm.
The worm is almost dead.
The rat misses you.
The worm splashes around in the water.
You hit the worm.
You kill the worm!
The rat barely misses you.
An adder comes into view.
The rat splashes around in the water.
The adder bites you.
* * * LOW HITPOINT WARNING * * *
The rat barely misses you.
Found a glowing drain.
Things that are here:
a worm corpse; a rat corpse The adder barely misses you.
The rat bites you but does no damage. The adder bites you.
You die...

#.## .........### #..#
#..........####
########.#########.####........##
.....)..............>............
#########.########.####..#......#
##.....≈≈############..#..#...#
.!....≈≈≈#∩≈≈≈≈≈≈##...........#
##.....#≈#######†##..#.#.##...#
#....≈≈≈#≈≈†≈@Sr≈##.#.#......#
......≈#≈#†########....#.##...#
##...≈≈≈≈#≈≈w≈≈# #.#..#)##...#
##..(≈#≈#≈#r#≈≈≈≈#.#..#.##...#
#...≈#≈#≈#≈# ###.#..#.##...#
#$...#≈≈≈#≈≈ #.#..#.##...# .....
############...........# ####
##..##.#>.#.#####.##..#
...##.#..............#


You could see an adder and a rat.

Vanquished Creatures
  8 adders
  3 worms (D:3)
  2 dart slugs
  3 leopard geckos
  An orc (D:3)
  10 bats
  4 giant cockroaches
  4 goblins
  10 hobgoblins
  2 jackals (D:1)
  2 frilled lizards
  6 kobolds
  9 rats
64 creatures vanquished.

Notes
Turn   | Place    | Note
-------+----------+-------------------------------------------
     0 | D:1      | galech the Gnoll Wanderer began the quest for the Orb.
     0 | D:1      | galech set off with: a +2 dagger, a scroll of fear, 2 potions of curing, a +0 robe, a ration
     0 | D:1      | Reached XP level 1. HP: 23/23 MP: 3/3
    81 | D:1      | Reached XP level 2. HP: 27/29 MP: 5/5
   328 | D:1      | Reached XP level 3. HP: 35/35 MP: 6/6
   623 | D:2      | Reached skill level 1 in Invocations
   955 | D:2      | Reached skill level 1 in Short Blades
   955 | D:2      | Reached skill level 1 in Long Blades
   955 | D:2      | Reached skill level 1 in Axes
   955 | D:2      | Reached skill level 1 in Maces & Flails
   955 | D:2      | Reached skill level 1 in Staves
   955 | D:2      | Reached skill level 1 in Slings
   955 | D:2      | Reached skill level 1 in Bows
   955 | D:2      | Reached skill level 1 in Crossbows
   955 | D:2      | Reached skill level 1 in Throwing
   955 | D:2      | Reached skill level 1 in Armour
   955 | D:2      | Reached skill level 1 in Shields
   955 | D:2      | Reached skill level 1 in Spellcasting
  1130 | D:2      | Reached XP level 4. HP: 41/41 MP: 7/7
  1490 | D:3      | Reached skill level 1 in Conjurations
  1490 | D:3      | Reached skill level 1 in Hexes
  1490 | D:3      | Reached skill level 1 in Charms
  1490 | D:3      | Reached skill level 1 in Summonings
  1490 | D:3      | Reached skill level 1 in Necromancy
  1490 | D:3      | Reached skill level 1 in Translocations
  1490 | D:3      | Reached skill level 1 in Transmutations
  1490 | D:3      | Reached skill level 1 in Fire Magic
  1490 | D:3      | Reached skill level 1 in Ice Magic
  1490 | D:3      | Reached skill level 1 in Air Magic
  1490 | D:3      | Reached skill level 1 in Earth Magic
  1490 | D:3      | Reached skill level 1 in Poison Magic
  1707 | D:3      | Reached XP level 5. HP: 40/47 MP: 8/8
  1897 | D:3      | Found a glowing drain.
  1897 | D:3      | HP: 2/47 [adder (4)]
  1899 | D:3      | Slain by an adder

Vault maps used:
D:1:      scummos_arrival_simple_crosswalls, minivault_4, serial_bayou_lake_a
D:2:      grunt_ministairs_3
D:3:      gammafunk_temple_overflow_forgotten, lightli_sewer_entry_pipes,
          uniq_robin

Skill      XL: |  1  2  3  4 |
---------------+-------------+-----
Invocations    | 1 |  1.5
Short Blades   | 1 |  1.4
Long Blades    | 1 |  1.4
Axes           | 1 |  1.4
Maces & Flails | 1 |  1.4
Staves         | 1 |  1.4
Slings         | 1 |  1.4
Bows           | 1 |  1.4
Crossbows      | 1 |  1.4
Throwing       | 1 |  1.4
Armour         | 1 |  1.4
Shields        | 1 |  1.4
Spellcasting   | 1 |  1.4
Conjurations   | 1 |  1.1
Hexes          | 1 |  1.1
Charms         | 1 |  1.1
Summonings     | 1 |  1.1
Necromancy     | 1 |  1.1
Translocations | 1 |  1.1
Transmutations | 1 |  1.1
Fire Magic     | 1 |  1.1
Ice Magic      | 1 |  1.1
Air Magic      | 1 |  1.1
Earth Magic    | 1 |  1.1
Poison Magic   | 1 |  1.1
Fighting       | |  6.6
Polearms       | |  2.9
Dodging        | |  2.9
Stealth        | |  2.7
Unarmed Combat | |  4.7
Evocations     | |  4.7

Action                   |  1- 3 |  4- 6 || total
-------------------------+-------+-------++-------
Melee: Dagger            |   122 |   189 ||   311
       Bite              |     7 |    13 ||    20
       Punch             |     1 |     3 ||     4
  Use: Potion            |       |     2 ||     2
 Stab: Sleeping          |     1 |     2 ||     3
  Eat: Chunk             |     1 |     2 ||     3
Armor: Robe              |     3 |       ||     3
       Ring mail         |    43 |    70 ||   113
Dodge: Dodged            |    73 |   121 ||   194

Table legend:
 A = Spawn XP
 B = Non-spawn XP
 C = Spawn XP percentage of total XP
 D = Spawn monster count
 E = Non-spawn monster count
 F = Spawn count percentage of total count
 G = Total turns spent on level
                    A         B        C        D         E        F      G
               +---------+---------+-------+---------+---------+-------+---------
         Total |       0 |     212 |   0.0 |       0 |      64 |   0.0 |  1899
               +---------+---------+-------+---------+---------+-------+---------
           D:1 |       0 |      45 |   0.0 |       0 |      25 |   0.0 |   612
           D:2 |       0 |      80 |   0.0 |       0 |      22 |   0.0 |   859
           D:3 |       0 |      87 |   0.0 |       0 |      17 |   0.0 |   428
               +---------+---------+-------+---------+---------+-------+---------
